[Event "ICC tourney 2050 (75 10)"]
[Site "Internet Chess Club"]
[Date "2020.10.09"]
[Round "1"]
[White "InfernoKing"]
[Black "kurumania"]
[Result "0-1"]
[ICCResult "White resigns"]
[WhiteElo "2161"]
[BlackElo "2526"]
[Opening "Sicilian: Taimanov (Bastrikov) variation"]
[ECO "B47"]
[NIC "SI.40"]
[Time "20:06:08"]
[TimeControl "4500+10"]

1. e4 c5 2. Nf3 e6 3. d4 cxd4 4. Nxd4 Nc6 5. Nc3 Qc7 6. f4 a6 7. Be3 b5 8.
Nxc6 Qxc6 9. Bd3 Bb7 10. O-O f5 11. Qh5+ g6 12. Qe2 b4 13. Bd4 Bc5 14. Qe3
d6 15. Bxc5 dxc5 16. Nd5 O-O-O 17. exf5 Qxd5 18. Qxe6+ Qxe6 19. fxe6 Ne7 20.
Rad1 Rd6 21. Bc4 Rhd8 22. Rd3 Be4 23. Rxd6 Rxd6 24. c3 bxc3 25. bxc3 Kc7 26.
Re1 Bd5 27. Bxd5 Rxd5 28. Re2 Rd3 29. Rc2 Kd6 30. Rb2 Kxe6 31. Rb6+ Rd6
{White resigns}
0-1

[Event "ICC tourney 2050 (75 10)"]
[Site "Internet Chess Club"]
[Date "2020.10.09"]
[Round "1"]
[White "NyzhnykIllia"]
[Black "Dking135799"]
[Result "1-0"]
[ICCResult "Black resigns"]
[WhiteElo "2717"]
[BlackElo "2257"]
[Opening "Queen's pawn game"]
[ECO "A46"]
[NIC "QP.05"]
[Time "20:06:23"]
[TimeControl "4500+10"]

1. d4 Nf6 2. Nf3 e6 3. Bf4 d5 4. e3 Bd6 5. c3 c5 6. Bb5+ Nc6 7. Qa4 Bxf4 8.
exf4 Bd7 9. dxc5 O-O 10. Nbd2 a6 11. Bxc6 Bxc6 12. Qd4 Qe7 13. O-O Nd7 14.
b4 f6 15. Rfe1 Rae8 16. Qe3 Qf7 17. Nd4 Qg6 18. Qh3 f5 19. N2f3 Rf6 20. Ne5
Nxe5 21. Rxe5 Bd7 22. a4 Rc8 23. Qe3 Qe8 24. Re1 Kf7 25. b5 axb5 26. axb5
Bxb5 27. Nxe6 Qc6 28. Ng5+ Kg8 29. Re7 Qxc5 30. Qxc5 Rxc5 31. Re8+ Bxe8 32.
Rxe8+ Rf8 33. Rxf8+ Kxf8 34. Ne6+ Ke7 35. Nxc5 b6 36. Nd3 Kd6 37. Kf1 d4 38.
c4 Kc6 39. Ke2 b5 40. Ne5+ Kc5 41. cxb5 Kxb5 42. Kd3 Kc5 43. Nf3 {Black
resigns} 1-0

[Event "ICC tourney 2050 (75 10)"]
[Site "Internet Chess Club"]
[Date "2020.10.09"]
[Round "1"]
[White "erickzhao"]
[Black "spideydavey"]
[Result "1-0"]
[ICCResult "Black resigns"]
[WhiteElo "2309"]
[BlackElo "1829"]
[Opening "Sicilian: Kan, Maróczy bind (Réti variation)"]
[ECO "B41"]
[NIC "SI.41"]
[Time "20:06:20"]
[TimeControl "4500+10"]

1. e4 c5 2. Nf3 e6 3. d4 cxd4 4. Nxd4 a6 5. c4 Nf6 6. Nc3 Qc7 7. Bd3 b6 8.
O-O Bb7 9. Re1 d6 10. f4 Nbd7 11. Be3 g6 12. Rc1 Bg7 13. Bb1 O-O 14. Bf2
Rac8 15. b3 Rfe8 16. Nf3 Ng4 17. Bg3 Qc5+ 18. Kh1 Ba8 19. Ng5 Ngf6 20. Qd2
Qc7 21. Red1 Bf8 22. e5 dxe5 23. fxe5 Nxe5 24. Qe2 Nfd7 25. Rxd7 Qxd7 26.
Bxe5 Bh6 27. Rd1 Qe7 28. Nge4 Bg7 29. Bxg7 Kxg7 30. Nd6 Red8 31. Nxc8 Rxc8
32. Qe5+ Kg8 33. Be4 Bxe4 34. Nxe4 {Black resigns} 1-0

[Event "ICC tourney 2050 (75 10)"]
[Site "Internet Chess Club"]
[Date "2020.10.09"]
[Round "1"]
[White "e4f5"]
[Black "TjkTiger"]
[Result "0-1"]
[ICCResult "White checkmated"]
[WhiteElo "2212"]
[BlackElo "2603"]
[Opening "Sicilian: Hungarian variation"]
[ECO "B34"]
[NIC "SI.43"]
[Time "20:07:48"]
[TimeControl "4500+10"]

1. e4 c5 2. Nf3 g6 3. d4 cxd4 4. Nxd4 Bg7 5. Nc3 Nc6 6. Nb3 Nf6 7. Be2 O-O
8. O-O d6 9. Bg5 Be6 10. Kh1 a5 11. a4 h6 12. Be3 d5 13. exd5 Nxd5 14. Nxd5
Bxd5 15. c4 Be6 16. Nc5 Bf5 17. g4 Bc8 18. Qxd8 Rxd8 19. Rad1 Bd4 20. Bf3
Bxe3 21. Rxd8+ Nxd8 22. fxe3 Ne6 23. Nxe6 Bxe6 24. Rd1 Bxc4 25. Rd7 Rb8 26.
Rc7 Bb3 27. Rxe7 b6 28. Bc6 Kf8 29. Rc7 Rd8 30. Bd7 Ke7 31. Bb5+ Ke6 32. Rc3
Rd1+ 33. Kg2 Bd5+ 34. Kg3 Rg1+ 35. Kh3 Bf3 36. Rc4 g5 37. Rd4 Ke5 38. b4 h5
39. gxh5 f5 40. h6 Bg4+ 41. Rxg4 fxg4# {White checkmated} 0-1

[Event "ICC tourney 2050 (75 10)"]
[Site "Internet Chess Club"]
[Date "2020.10.09"]
[Round "1"]
[White "espark"]
[Black "tcao"]
[Result "1-0"]
[ICCResult "Black resigns"]
[WhiteElo "2320"]
[BlackElo "2054"]
[Opening "French: Steinitz variation"]
[ECO "C11"]
[NIC "FR.04"]
[Time "20:06:14"]
[TimeControl "4500+10"]

1. e4 e6 2. d4 d5 3. Nc3 Nf6 4. e5 Nfd7 5. Nce2 c5 6. c3 Nc6 7. Nf3 Be7 8.
g3 O-O 9. Bh3 b5 10. a3 c4 11. O-O a5 12. Nf4 Bb7 13. Bg4 b4 14. h4 bxc3 15.
bxc3 a4 16. Ng5 Bxg5 17. hxg5 Na5 18. Nxe6 fxe6 19. Bxe6+ Kh8 20. g6 Nxe5
21. dxe5 Qe8 22. Qh5 Qxg6 23. Qxg6 hxg6 24. Kg2 Rf5 25. Bxf5 gxf5 26. f3 Nb3
27. Ra2 Re8 28. Bf4 Kg8 29. Re2 Kf7 30. e6+ Rxe6 31. Rxe6 Kxe6 32. Re1+ Kf7
33. Re5 g6 34. Bg5 Bc6 35. Re7+ Kf8 36. Re6 Be8 37. Bh6+ Kf7 38. Rd6 d4 39.
cxd4 c3 40. Rd8 c2 41. Rc8 Nxd4 42. Rc4 Nb5 43. Bc1 Ke6 44. Rxc2 {Black
resigns} 1-0

[Event "ICC tourney 2050 (75 10)"]
[Site "Internet Chess Club"]
[Date "2020.10.09"]
[Round "1"]
[White "shianen"]
[Black "HansNiemann"]
[Result "0-1"]
[ICCResult "White resigns"]
[WhiteElo "2204"]
[BlackElo "2564"]
[Opening "Queen's Indian: Petrosian system"]
[ECO "E12"]
[NIC "QI.04"]
[Time "20:06:13"]
[TimeControl "4500+10"]

1. d4 Nf6 2. c4 e6 3. Nf3 b6 4. a3 Bb7 5. Nc3 d5 6. cxd5 exd5 7. Bf4 Bd6 8.
Bg3 Ne4 9. e3 Nxg3 10. hxg3 Nd7 11. Bd3 Nf6 12. Qc2 Qe7 13. Nb5 c5 14. Nxd6+
Qxd6 15. Rc1 c4 16. Be2 O-O 17. Ne5 g6 18. Bf3 b5 19. Qe2 Kg7 20. O-O Ne4
21. Bxe4 dxe4 22. Qg4 Rad8 23. Qf4 Qe7 24. Ng4 g5 25. Qe5+ Qxe5 26. dxe5 Rd2
27. Rfd1 Rfd8 28. Rxd2 Rxd2 29. Rb1 Kg6 30. Kf1 h5 31. Nf6 Kf5 32. Ke1 Rc2
33. Rd1 Rxb2 34. Rd7 Bc8 35. Rxa7 Be6 36. Nxh5 Kxe5 37. Ng7 Bd5 38. Ne8 c3
39. Rc7 Rb1+ 40. Ke2 Bc4+ 41. Rxc4 bxc4 {White resigns} 0-1

[Event "ICC tourney 2050 (75 10)"]
[Site "Internet Chess Club"]
[Date "2020.10.09"]
[Round "1"]
[White "DonaldJ"]
[Black "funplaychess"]
[Result "1/2-1/2"]
[ICCResult "White stalemated"]
[WhiteElo "2091"]
[BlackElo "2331"]
[Opening "Sicilian: Najdorf, Adams attack"]
[ECO "B90"]
[NIC "SI.14"]
[Time "20:06:26"]
[TimeControl "4500+10"]

1. e4 c5 2. Nf3 d6 3. d4 cxd4 4. Nxd4 Nf6 5. Nc3 a6 6. h3 e6 7. g4 h6 8. Bg2
Be7 9. Be3 Nc6 10. f4 O-O 11. O-O Qc7 12. Qe2 Nxd4 13. Bxd4 e5 14. Be3 exf4
15. Bxf4 Qb6+ 16. Qe3 Qxe3+ 17. Bxe3 Be6 18. Nd5 Bxd5 19. exd5 Rac8 20. c3
Rfe8 21. Rae1 Nd7 22. Be4 Bh4 23. Bf5 Rc7 24. Bxd7 Rxd7 25. Bf2 Bxf2+ 26.
Kxf2 Kf8 27. Rxe8+ Kxe8 28. Ke3 Re7+ 29. Kd3 b5 30. Rf4 Rc7 31. Rb4 Kd7 32.
a4 Rc5 33. Kd4 Kc7 34. axb5 axb5 35. c4 Rxc4+ 36. Rxc4+ bxc4 37. Kxc4 g6 38.
h4 f5 39. gxf5 gxf5 40. h5 Kb6 41. Kd4 Kb5 42. Ke3 Kc4 43. Kf4 Kxd5 44. Kxf5
Kc4 45. Ke6 d5 46. Ke5 d4 47. Ke4 Kb3 48. Kxd4 Kxb2 49. Ke5 Kc3 50. Kd5 Kd3
51. Ke5 Ke3 52. Kf5 Kd4 53. Kg6 Ke5 54. Kxh6 Kf6 55. Kh7 Kf7 56. Kh8 Kf8 57.
h6 Kf7 58. h7 Kf8 {White stalemated} 1/2-1/2

[Event "ICC tourney 2050 (75 10)"]
[Site "Internet Chess Club"]
[Date "2020.10.09"]
[Round "1"]
[White "Blue-Elephant1"]
[Black "sarkasm"]
[Result "1-0"]
[ICCResult "Black resigns"]
[WhiteElo "2117"]
[BlackElo "2418"]
[Opening "Nimzo-Indian: Kmoch variation"]
[ECO "E20"]
[NIC "NI.30"]
[Time "20:06:40"]
[TimeControl "4500+10"]

1. d4 Nf6 2. c4 e6 3. Nc3 Bb4 4. f3 O-O 5. a3 Bxc3+ 6. bxc3 Nh5 7. Nh3 f5 8.
e3 d6 9. Be2 e5 10. dxe5 dxe5 11. Qd5+ Qxd5 12. cxd5 h6 13. Nf2 c5 14. Rb1
Nf6 15. e4 f4 16. c4 Nbd7 17. Nd3 g5 18. Bb2 Re8 19. Kd2 b6 20. Rhc1 Ba6 21.
Bd1 Re7 22. Ba4 Kf7 23. Kc3 Nf8 24. Bc6 Rd8 25. a4 Ng6 26. a5 Bb7 27. Ba4
Rd6 28. Ba3 Rc7 29. Rb2 Bc8 30. Rcb1 Bd7 31. Bd1 {Black resigns} 1-0

[Event "ICC tourney 2050 (75 10)"]
[Site "Internet Chess Club"]
[Date "2020.10.09"]
[Round "1"]
[White "Enamul"]
[Black "kpthomas"]
[Result "1-0"]
[ICCResult "Black resigns"]
[WhiteElo "2476"]
[BlackElo "2126"]
[Opening "Sicilian: Alapin's variation (2.c3)"]
[ECO "B22"]
[NIC "SI.46"]
[Time "20:06:18"]
[TimeControl "4500+10"]

1. e4 c5 2. c3 Nf6 3. e5 Nd5 4. Nf3 Nc6 5. Bc4 e6 6. O-O d6 7. d4 dxe5 8.
dxe5 Be7 9. Qe2 Nb6 10. Rd1 Bd7 11. Na3 a6 12. Bf4 h6 13. Nd2 Na5 14. Ne4
Naxc4 15. Nxc4 Nxc4 16. Qxc4 Qc8 17. Nd6+ Bxd6 18. Rxd6 O-O 19. Rad1 Bb5 20.
Qe4 c4 21. Qe3 Kh7 22. R1d4 Rh8 23. Qe4+ g6 24. Bxh6 Kxh6 25. Qh4+ Kg7 26.
Qf6+ Kg8 27. Rd8+ Qxd8 28. Rxd8+ Rxd8 29. Qxd8+ Kg7 30. Qf6+ Kg8 31. h4 Bc6
32. f3 Rh7 33. Kf2 Bd5 34. g4 Rh8 35. Kg3 Rh7 36. Kf4 Rh8 37. Kg5 Rh7 38.
Qd8+ Kg7 39. Qe7 Rh8 40. Qf6+ Kg8 41. h5 {Black resigns} 1-0

[Event "ICC tourney 2050 (75 10)"]
[Site "Internet Chess Club"]
[Date "2020.10.09"]
[Round "1"]
[White "Kyle2007"]
[Black "ASharikov"]
[Result "0-1"]
[ICCResult "White resigns"]
[WhiteElo "2025"]
[BlackElo "2312"]
[Opening "Caro-Kann: exchange variation"]
[ECO "B13"]
[NIC "CK.02"]
[Time "20:06:12"]
[TimeControl "4500+10"]

1. e4 c6 2. d4 d5 3. exd5 cxd5 4. Bd3 Nc6 5. c3 Qc7 6. Ne2 Bg4 7. Na3 a6 8.
Nc2 e6 9. f3 Bh5 10. Bf4 Bd6 11. Bxd6 Qxd6 12. O-O Nge7 13. Qd2 Bg6 14. Nf4
Bxd3 15. Nxd3 Nf5 16. Ne3 Nxe3 17. Qxe3 Ne7 18. f4 O-O 19. Qe5 Qc6 20. g4 f6
21. Qe3 Rae8 22. Rae1 Nc8 23. Nc5 Nd6 24. Nxe6 f5 25. Qd3 Rf6 26. gxf5 Nxf5
27. Ng5 h6 28. Nf3 Nd6 29. Ne5 Qc8 30. Kh1 b5 31. Rg1 Ne4 32. Ref1 Ref8 33.
Qe3 g5 34. Ng4 Rxf4 35. Rxf4 Rxf4 36. h3 Kh7 37. Kh2 Qf5 38. Ne5 Nd2 39. Kh1
Nf3 40. Rg3 Qb1+ 41. Rg1 Nxg1 {White resigns} 0-1

[Event "ICC tourney 2050 (75 10)"]
[Site "Internet Chess Club"]
[Date "2020.10.09"]
[Round "1"]
[White "Openyagami"]
[Black "BBCC2020"]
[Result "1-0"]
[ICCResult "Black resigns"]
[WhiteElo "2576"]
[BlackElo "2204"]
[Opening "English: Neo-Catalan accepted"]
[ECO "A13"]
[NIC "RE.10"]
[Time "20:06:09"]
[TimeControl "4500+10"]

1. c4 e6 2. Nf3 d5 3. g3 Nf6 4. Bg2 dxc4 5. Qa4+ Bd7 6. Qxc4 c5 7. O-O Bc6
8. Nc3 Be7 9. e4 O-O 10. e5 Nd5 11. Qg4 Qc7 12. d4 Rd8 13. Bh6 Bf8 14. Ne4
cxd4 15. Bg5 Rc8 16. Qh5 Nd7 17. Bd8 Rxd8 18. Nfg5 N7f6 19. Nxf6+ Nxf6 20.
exf6 h6 21. Bxc6 bxc6 22. fxg7 Bxg7 23. Ne4 Rd5 24. Qf3 Qe7 25. Rac1 Rb8 26.
Rxc6 Rxb2 27. Rfc1 Rd7 28. Rc8+ Kh7 29. Nc5 Rd6 30. Ne4 Rd5 31. h4 d3 32.
R1c7 Rd7 33. Qxd3 Rxd3 34. Rxe7 Rf3 35. Rcc7 Re2 36. Kg2 Rf5 37. Rc4 Bf8 38.
Rxa7 Kg7 39. a4 Bc5 40. Rxc5 Rxe4 41. Rxf5 exf5 42. Ra8 h5 43. Kf3 Kh7 44.
a5 Ra4 45. Ke3 f4+ 46. gxf4 Kg7 47. Ra6 f6 48. f5 Rxh4 49. Ra7+ Kg8 50. a6
Ra4 51. Kf3 Ra3+ 52. Kg2 Ra5 53. Kg3 Kh8 54. Kh4 Kg8 55. Kxh5 {Black
resigns} 1-0

[Event "ICC tourney 2050 (75 10)"]
[Site "Internet Chess Club"]
[Date "2020.10.09"]
[Round "1"]
[White "A-Zapata"]
[Black "Suraj240704"]
[Result "1-0"]
[ICCResult "Black resigns"]
[WhiteElo "2529"]
[BlackElo "2173"]
[Opening "Sicilian: Najdorf, Zagreb (fianchetto) variation"]
[ECO "B91"]
[NIC "SI.14"]
[Time "20:07:21"]
[TimeControl "4500+10"]

1. e4 c5 2. Nf3 d6 3. d4 cxd4 4. Nxd4 Nf6 5. Nc3 a6 6. g3 e5 7. Nb3 Be7 8.
Bg2 Nbd7 9. O-O O-O 10. a4 b6 11. Qe2 Bb7 12. Rd1 Qc7 13. Bg5 Rfd8 14. Nd2
Rac8 15. Nf1 h6 16. Bxf6 Nxf6 17. Ne3 Bf8 18. Bh3 Rb8 19. Ned5 Nxd5 20. Nxd5
Bxd5 21. Rxd5 b5 22. c3 Qc6 23. axb5 axb5 24. Ra7 b4 25. c4 Ra8 26. Rda5
Rxa7 27. Rxa7 Qb6 28. Qe3 Qc5 29. b3 g6 30. Rb7 Qxe3 31. fxe3 Ra8 32. Bf1
Ra1 33. Kf2 Ra2+ 34. Kf3 f5 35. h4 Rb2 36. h5 fxe4+ 37. Kxe4 gxh5 38. Bh3
Rf2 39. Be6+ Kh8 40. Bd5 Bg7 41. Rxb4 Bf6 42. Rb6 Bg5 43. Rxd6 Re2 44. c5
Rxe3+ 45. Kf5 Rxg3 46. c6 Rc3 47. Rd7 e4 48. Kg6 {Black resigns} 1-0

[Event "ICC tourney 2050 (75 10)"]
[Site "Internet Chess Club"]
[Date "2020.10.09"]
[Round "1"]
[White "PeterProhaszka"]
[Black "zuz1209"]
[Result "1-0"]
[ICCResult "Black resigns"]
[WhiteElo "2638"]
[BlackElo "2236"]
[Opening "English: Neo-Catalan accepted"]
[ECO "A13"]
[NIC "RE.10"]
[Time "20:06:35"]
[TimeControl "4500+10"]

1. c4 e6 2. g3 Nf6 3. Bg2 d5 4. Nf3 dxc4 5. Qa4+ Nbd7 6. Qxc4 c5 7. d3 Be7
8. O-O O-O 9. a4 Nb6 10. Qb3 Nbd5 11. a5 Rb8 12. e4 Nc7 13. Bf4 b5 14. axb6
Rxb6 15. Qc2 Ba6 16. Rd1 Nb5 17. Nbd2 Nd4 18. Nxd4 Qxd4 19. Nf3 Qb4 20. Bd2
Qb5 21. Bc3 c4 22. d4 Bb4 23. Nd2 Rc8 24. Ra4 Bxc3 25. bxc3 Qc6 26. Qa2 Qb7
27. Qa3 Rcc6 28. Ra1 h6 29. h3 Qd7 30. Ra2 Qc7 31. Ra5 Rb3 32. Nxb3 cxb3 33.
Ra1 Qb6 34. Rb1 Rxc3 35. Rxa6 Qxd4 36. Rd6 Qc4 37. Rd8+ Kh7 38. Rb8 Nxe4 39.
Bxe4+ Qxe4 40. Qb2 Qf5 41. Qxc3 Qxb1+ 42. Kg2 Qe4+ 43. Qf3 Qc4 44. Rxb3 Qc7
45. Rb7 {Black resigns} 1-0

[Event "ICC tourney 2050 (75 10)"]
[Site "Internet Chess Club"]
[Date "2020.10.09"]
[Round "1"]
[White "Darnoc"]
[Black "PawnEatingZombi"]
[Result "1-0"]
[ICCResult "Black resigns"]
[WhiteElo "2629"]
[BlackElo "2224"]
[Opening "QGD: 3.Nc3"]
[ECO "D31"]
[NIC "QP.08"]
[Time "20:13:32"]
[TimeControl "4500+10"]

1. d4 d5 2. c4 e6 3. Nc3 Bb4 4. a3 Bxc3+ 5. bxc3 Nf6 6. e3 c6 7. Bd3 O-O 8.
Nf3 b6 9. cxd5 cxd5 10. Ne5 Ba6 11. Bxa6 Nxa6 12. Qd3 Nb8 13. O-O Qc8 14. f3
Qa6 15. Qxa6 Nxa6 16. Bd2 Rfc8 17. a4 Nb8 18. c4 Nc6 19. Nxc6 Rxc6 20. cxd5
Rc2 21. Rf2 exd5 22. a5 b5 23. a6 Rc4 24. Rb1 Ra4 25. Rxb5 Rxa6 26. Re2 Ra2
27. Ra5 Rxa5 28. Bxa5 Kf8 29. Rc2 h5 30. Kf1 Ke7 31. Rc5 Ke6 32. Rc6+ Kf5
33. Ke2 g5 34. Rd6 Re8 35. Ra6 Rb8 36. Rxa7 Rb2+ 37. Bd2 Ke6 38. Ra6+ Kf5
39. Kd3 Rb5 40. Rc6 g4 41. Rc5 Rb1 42. e4+ Kg6 43. e5 gxf3 44. gxf3 Ng8 45.
Rxd5 Kf5 46. Rd7 Ke6 47. Rd8 {Black resigns} 1-0

[Event "ICC tourney 2050 (75 10)"]
[Site "Internet Chess Club"]
[Date "2020.10.09"]
[Round "1"]
[White "JasonModer"]
[Black "creepycrawlies"]
[Result "1/2-1/2"]
[ICCResult "Game drawn by mutual agreement"]
[WhiteElo "2504"]
[BlackElo "2160"]
[Opening "QGD Slav: 3.Nf3"]
[ECO "D11"]
[NIC "SL.01"]
[Time "20:06:31"]
[TimeControl "4500+10"]

1. d4 d5 2. c4 c6 3. Nf3 Nf6 4. Qc2 g6 5. Bf4 Bg7 6. e3 O-O 7. Nc3 c5 8.
dxc5 Qa5 9. Rd1 dxc4 10. Bxc4 Qxc5 11. Bb3 Nc6 12. O-O Bf5 13. Qe2 Rad8 14.
Rxd8 Rxd8 15. Rd1 Rxd1+ 16. Qxd1 e6 17. h3 h6 18. Nd4 Nxd4 19. exd4 Qa5 20.
Qf3 Ne4 21. g4 Nxc3 22. bxc3 Bb1 23. a4 Qb6 24. Bd1 Ba2 25. Qd3 Qc6 26. Bf3
Qxa4 27. Bxb7 Bc4 28. Qb1 a5 29. Be4 Bd5 30. Qb8+ Kh7 31. Bxd5 exd5 32. Qb7
Qa1+ 33. Kg2 Qxc3 34. Be5 Bxe5 35. dxe5 Qxe5 36. Qxf7+ Qg7 37. Qxd5 Qa7 38.
h4 a4 39. h5 {Game drawn by mutual agreement} 1/2-1/2

[Event "ICC tourney 2050 (75 10)"]
[Site "Internet Chess Club"]
[Date "2020.10.09"]
[Round "1"]
[White "Terry1234"]
[Black "helavir"]
[Result "0-1"]
[ICCResult "White resigns"]
[WhiteElo "2229"]
[BlackElo "2627"]
[Opening "Queen's gambit declined"]
[ECO "D30"]
[NIC "QP.08"]
[Time "20:06:24"]
[TimeControl "4500+10"]

1. d4 d5 2. c4 e6 3. Nf3 Nf6 4. g3 c6 5. Bg2 dxc4 6. O-O b5 7. a4 Bb7 8. b3
cxb3 9. Qxb3 a6 10. Ba3 b4 11. Nbd2 a5 12. Ne5 Be7 13. Bb2 O-O 14. Ne4 Nxe4
15. Bxe4 Qc7 16. Rac1 Bf6 17. f4 Bxe5 18. fxe5 Nd7 19. Rf4 c5 20. Bd3 Rac8
21. Qc2 h6 22. Qd2 Qc6 23. e4 Qb6 24. Bb5 c4 25. Rxc4 Rxc4 26. Bxc4 Nxe5 27.
Be2 Ng6 28. Rg4 h5 29. Rg5 Bxe4 30. Bxh5 Rc8 {White resigns} 0-1

[Event "ICC tourney 2050 (75 10)"]
[Site "Internet Chess Club"]
[Date "2020.10.09"]
[Round "1"]
[White "milindm"]
[Black "Aleksandrov73"]
[Result "0-1"]
[ICCResult "White resigns"]
[WhiteElo "2254"]
[BlackElo "2660"]
[Opening "QGD: 3.Nc3"]
[ECO "D31"]
[NIC "QP.08"]
[Time "20:06:20"]
[TimeControl "4500+10"]

1. d4 d5 2. c4 e6 3. Nc3 Bb4 4. cxd5 exd5 5. Qc2 c6 6. Nf3 Ne7 7. Bf4 Bf5 8.
Qb3 Qb6 9. e3 Ng6 10. Bg3 Nd7 11. Be2 Be7 12. O-O Qxb3 13. axb3 O-O 14. Rfc1
h5 15. h3 h4 16. Bh2 Rfe8 17. Ne1 Ngf8 18. Nd3 Ne6 19. Ra2 a6 20. Na4 Rac8
21. Raa1 Bd8 22. Bf1 Bc7 23. b4 Bxh2+ 24. Kxh2 Kf8 25. Ra3 Nd8 26. Nac5 Nb6
27. Ne5 f6 28. Nf3 g5 29. Nd2 Rc7 30. Ndb3 Nc8 31. Na5 Nd6 32. Kg1 Rce7 33.
Na4 Kg7 34. Raa1 Bg6 35. Nb3 f5 36. Nd2 N8f7 37. Nc5 f4 38. exf4 gxf4 39.
Nd3 Bxd3 40. Bxd3 Ng5 41. Kf1 Kf6 42. Re1 Nde4 43. Re2 Nxd2+ 44. Rxd2 f3 45.
Rdd1 Rg8 46. Re1 Reg7 47. Rad1 Nxh3 48. gxf3 Nf4 {White resigns} 0-1

[Event "ICC tourney 2050 (75 10)"]
[Site "Internet Chess Club"]
[Date "2020.10.09"]
[Round "1"]
[White "MiamiDude"]
[Black "wolfchess1"]
[Result "1-0"]
[ICCResult "Black resigns"]
[WhiteElo "2424"]
[BlackElo "2085"]
[Opening "Robatsch defense: two knights variation"]
[ECO "B06"]
[NIC "KF.05"]
[Time "20:06:08"]
[TimeControl "4500+10"]

1. e4 g6 2. d4 Bg7 3. Nf3 d6 4. Nc3 a6 5. Bc4 e6 6. Bg5 Ne7 7. Qd2 b5 8. Bb3
Bb7 9. Qe3 Nd7 10. O-O-O h6 11. Bf4 Nf6 12. d5 e5 13. Bg3 O-O 14. a3 Nc8 15.
Nd2 Nb6 16. f3 Nfd7 17. h4 Nc5 18. Ba2 Qd7 19. Qe2 Nca4 20. Nxa4 Nxa4 21.
Bf2 a5 22. Bb3 Nb6 23. h5 g5 24. Nf1 Ba6 25. Qe1 Rfb8 26. Qxa5 b4 27. Qxb4
Nxd5 28. Qd2 Nb6 29. Ne3 Kh7 30. Nf5 Bf8 31. Qc3 Bb5 32. Bxb6 Rxb6 33. Bd5
Rab8 34. g3 Be2 35. Rde1 Ba6 36. Bb3 c5 37. Ne3 c4 38. Nd5 Qb7 39. Nxb6 cxb3
40. Nc4 bxc2 41. Ne3 Rc8 42. Qb4 Qc6 43. Rh2 d5 44. Qa5 d4 45. Rxc2 Qb7 46.
Qxe5 Rxc2+ 47. Nxc2 d3 48. Ne3 Bg7 49. Qf5+ Kg8 50. e5 d2+ 51. Kxd2 Qxb2+
52. Nc2 Qb6 53. e6 fxe6 54. Qxe6+ Qxe6 55. Rxe6 Bb7 56. Ke2 Bd5 57. Re8+ Kf7
58. Rc8 Be5 59. g4 Bb3 60. Ne3 Bd6 61. Nf5 Bf8 62. Rxf8+ Kxf8 63. Nxh6
{Black resigns}
1-0

[Event "ICC tourney 2050 (75 10)"]
[Site "Internet Chess Club"]
[Date "2020.10.10"]
[Round "2"]
[White "HansNiemann"]
[Black "erickzhao"]
[Result "1-0"]
[ICCResult "Black resigns"]
[WhiteElo "2585"]
[BlackElo "2307"]
[Opening "Grünfeld: modern exchange variation"]
[ECO "D85"]
[NIC "GI.04"]
[Time "11:02:25"]
[TimeControl "4500+10"]

1. d4 Nf6 2. c4 g6 3. Nc3 d5 4. cxd5 Nxd5 5. e4 Nxc3 6. bxc3 Bg7 7. Nf3 c5
8. h3 O-O 9. Be2 cxd4 10. cxd4 Nc6 11. Be3 Qa5+ 12. Bd2 Qd8 13. d5 Nd4 14.
Nxd4 Bxd4 15. Rb1 e5 16. O-O Qh4 17. Bf3 f5 18. Qc1 fxe4 19. Bg5 Qg3 20. Kh1
Bxf2 21. Bxe4 Bf5 22. Rb3 Rac8 23. Rxg3 Rxc1 24. Rxc1 Bxg3 25. Bxf5 Rxf5 26.
d6 Rf7 27. Be7 Rxe7 28. dxe7 Kf7 29. Rc8 Kxe7 30. Rc7+ Kd6 31. Rxb7 Bf2 32.
Rxh7 Ke6 33. g4 Kf6 34. Kg2 Bd4 35. Kf3 Ke6 36. Ke4 Kf6 37. h4 Ke6 38. g5
Kd6 39. Rh6 Kc5 40. Rxg6 Kb4 41. h5 Ka3 42. h6 Kxa2 43. h7 Kb3 44. h8=Q a5
45. Qb8+ {Black resigns} 1-0

[Event "ICC tourney 2050 (75 10)"]
[Site "Internet Chess Club"]
[Date "2020.10.10"]
[Round "2"]
[White "pangpangba"]
[Black "Openyagami"]
[Result "0-1"]
[ICCResult "White resigns"]
[WhiteElo "1645"]
[BlackElo "2574"]
[Opening "Sicilian: Labourdonnais-Löwenthal (Kalashnikov) variation"]
[ECO "B32"]
[NIC "SI.32"]
[Time "11:02:44"]
[TimeControl "4500+10"]

1. e4 c5 2. Nf3 Nc6 3. d4 cxd4 4. Nxd4 e5 5. Nb5 d6 6. N1c3 a6 7. Na3 b5 8.
Nd5 Nge7 9. Be3 Nxd5 10. exd5 Ne7 11. Be2 Nf5 12. Qd2 Be7 13. O-O O-O 14. c4
Nxe3 15. Qxe3 b4 16. Nc2 Rb8 17. Qa7 Bf5 18. Ne3 Bd7 19. Qxa6 f5 20. c5 f4
21. cxd6 Bg5 22. Nc4 f3 23. Nxe5 fxe2 24. Qxe2 Bb5 25. Nc4 Bxc4 26. Qxc4
Qxd6 27. Rad1 Rbe8 28. Rfe1 Bf6 29. b3 Rxe1+ 30. Rxe1 Bc3 31. Rd1 h6 32. Qe4
Qe5 33. Qxe5 Bxe5 34. g3 Kf7 35. f4 Bc3 36. Kf2 Ra8 37. Ke3 Rxa2 38. Kd3
Rxh2 39. Kc4 Ke7 40. Rc1 Kd6 41. g4 Rf2 {White resigns} 0-1

[Event "ICC tourney 2050 (75 10)"]
[Site "Internet Chess Club"]
[Date "2020.10.10"]
[Round "2"]
[White "funplaychess"]
[Black "lmperatorX"]
[Result "1-0"]
[ICCResult "Black resigns"]
[WhiteElo "2342"]
[BlackElo "2119"]
[Opening "QGD: exchange, positional line, 5...c6"]
[ECO "D35"]
[NIC "QO.16"]
[Time "11:02:26"]
[TimeControl "4500+10"]

1. d4 d5 2. c4 e6 3. Nc3 Nf6 4. cxd5 exd5 5. Bg5 c6 6. e3 Bd6 7. Qc2 O-O 8.
Bd3 h6 9. Bh4 Re8 10. Nge2 a5 11. h3 Na6 12. a3 Nc7 13. O-O Ne6 14. Rab1 Ng5
15. f4 Nge4 16. Bxe4 dxe4 17. Ng3 Be7 18. Bxf6 Bxf6 19. Ngxe4 Bf5 20. g4 Bh7
21. f5 Bg5 22. Rf3 Bh4 23. Rbf1 Qd7 24. Qb3 a4 25. Qc2 Kh8 26. Nxa4 Qc7 27.
Nac3 g6 28. Qh2 Qb6 29. Nd6 Re7 30. fxg6 fxg6 31. Nf7+ Kg7 32. Qf4
{Black resigns}
1-0

[Event "ICC tourney 2050 (75 10)"]
[Site "Internet Chess Club"]
[Date "2020.10.10"]
[Round "2"]
[White "Dking135799"]
[Black "InfernoKing"]
[Result "1-0"]
[ICCResult "Black resigns"]
[WhiteElo "2270"]
[BlackElo "2153"]
[Opening "King's Indian: East Indian defense"]
[ECO "A48"]
[NIC "QP.06"]
[Time "11:02:32"]
[TimeControl "4500+10"]

1. d4 Nf6 2. Nf3 g6 3. Nc3 d5 4. Bf4 Bg7 5. e3 O-O 6. Be2 Ne4 7. Nxe4 dxe4
8. Nd2 c5 9. c3 cxd4 10. cxd4 f5 11. O-O Nc6 12. Nc4 e6 13. Qb3 g5 14. Be5
Nxe5 15. Nxe5 Qd6 16. Nc4 Qe7 17. Rac1 b6 18. Qa3 Bf6 19. Qxe7 Bxe7 20. Ne5
Bd6 21. Rc6 Rd8 22. Bc4 Bxe5 23. dxe5 Kf7 24. Rc1 Bd7 25. Rc7 Rac8 26. Ba6
Ra8 27. Rd1 Ke8 28. Rd6 h5 29. b4 h4 30. h3 g4 31. Kh2 g3+ 32. fxg3 hxg3+
33. Kxg3 Rab8 34. Rdxd7 Rxd7 35. Bb5 Rd8 36. Rxa7 Ke7 37. Rxd7+ Rxd7 38.
Bxd7 Kxd7 39. b5 Ke7 40. Kf4 Kf7 41. g4 fxg4 42. hxg4 Kg6 43. a4 Kf7 44. a5
{Black resigns}
1-0

[Event "ICC tourney 2050 (75 10)"]
[Site "Internet Chess Club"]
[Date "2020.10.10"]
[Round "2"]
[White "kurumania"]
[Black "NyzhnykIllia"]
[Result "0-1"]
[ICCResult "White resigns"]
[WhiteElo "2507"]
[BlackElo "2720"]
[Opening "Caro-Kann: two knights, 3...Bg4"]
[ECO "B11"]
[NIC "CK.01"]
[Time "11:03:17"]
[TimeControl "4500+10"]

1. e4 c6 2. Nc3 d5 3. Nf3 Bg4 4. h3 Bxf3 5. Qxf3 e6 6. Be2 Nd7 7. O-O g6 8.
d3 Bg7 9. Bf4 Ne7 10. Qg3 O-O 11. Bc7 Qe8 12. exd5 cxd5 13. Rae1 Qc8 14. Qh2
Re8 15. Bg4 a6 16. Qd6 d4 17. Na4 Nd5 18. Nb6 N7xb6 19. Bxb6 Qxc2 20. Rxe6
fxe6 21. Bxe6+ Kh8 22. Bxd5 Qxd3 23. Bxb7 Rab8 24. Bf3 Be5 25. Qc6 Qf5 26.
Bc7 Bxc7 27. Qxc7 Rxb2 28. Qd6 d3 29. Qxa6 d2 {White resigns} 0-1